 Dungeon Crawl Stone Soup version 0.28-a0-533-g9f97627e2a (webtiles) character file.

Game seed: 8616032332994149495

263 tact the Cudgeller (level 5, -1/44 (47) HPs)
             Began as a Draconian Berserker on Sept 25, 2021.
             Was a Believer of Trog.
             Slain by a wight (10 damage)
             ... on level 3 of the Dungeon.
             The game lasted 00:26:58 (2829 turns).

tact the Cudgeller (Draconian Berserker)            Turns: 2829, Time: 00:26:58

HP:   -1/44 (47)    AC:  7    Str: 21    XL:     5   Next: 97%
MP:   5/5           EV: 16    Int:  7    God:    Trog [**....]
Gold: 107           SH:  0    Dex: 10    Spells: 4/4 levels left

rFire   . . .      SeeInvis .   a - +0 mace
rCold   . . .      Faith    +   (no shield)
rNeg    . . .      Spirit   .   (armour unavailable)
rPois   .          Reflect  .   l - +2 hat
rElec   .          Harm     .   (no cloak)
rCorr   +          Rampage  .   (no gloves)
Will    .....                   (no boots)
Stlth   +.........              e - amulet of faith
HPRegen 0.14/turn               q - ring of resist corrosion
MPRegen 0.09/turn               E - +4 ring of evasion

@: drained
A: AC +5, unfitting armour, cold-blooded
a: Renounce Religion, Berserk, Trog's Hand


You were on level 3 of the Dungeon.
You worshipped Trog.
Trog was pleased with you.
You visited 1 branch of the dungeon, and saw 4 of its levels.

You collected 107 gold pieces.

Inventory:

Hand Weapons
 a - a +0 mace (weapon)
 b - a +0 dagger
 d - a +0 dagger
 i - a +0 club
 j - a +0 falchion
 r - a +0 whip
 u - a +0 short sword
 w - a +0 club
 y - a +0 dagger
 J - a +0 flail
 M - a +0 mace
Missiles
 k - 16 bolts
 s - 53 stones
 z - 15 arrows
 C - 10 poisoned darts (quivered)
Armour
 f - a +0 ring mail
 l - a +2 hat (worn)
 n - a +0 leather armour
 v - a +0 robe
 A - a +0 robe
 G - a +0 ring mail
 L - a +0 leather armour
 N - a +0 scale mail
Jewellery
 e - an amulet of faith (around neck)
 q - a ring of resist corrosion (left hand)
 E - a +4 ring of evasion (right hand)
 H - an amulet of guardian spirit
Wands
 I - a wand of flame (17)
Scrolls
 c - 2 scrolls of identify {unknown}
 g - 2 scrolls of noise
 m - a scroll of magic mapping {unknown}
 p - a scroll of enchant weapon {unknown}
 x - a scroll of acquirement {unknown}
 B - 2 scrolls of fog
 K - a scroll of immolation
Potions
 h - a potion of haste
 o - a potion of lignification {unknown}
 t - a potion of magic {unknown}
 D - a potion of curing {unknown}
 F - a potion of might {unknown}


   Skills:
 + Level 4.3 Fighting
 + Level 5.3 Maces & Flails
 + Level 3.8 Dodging
 + Level 0.8 Stealth


You had 4 spell levels left.
You didn't know any spells.
Your spell library contained the following spells:

 Spells                   Type           Power      Damage    Failure   Level
 Call Canine Familiar     Summ           0%         N/A       80%         3
 Portal Projectile        Hex/Tloc       0%         N/A       80%         3
 Leda's Liquefaction      Hex/Erth       0%         N/A       99%         4


Dungeon Overview and Level Annotations

Branches:
Dungeon (4/15)
 Temple: D:4-7

Altars:
Vehumet

Shops:
D:3 =


Innate Abilities, Weirdness & Mutations

Your plain brown scales are hard. (AC +5)
You cannot fit into any form of body armour.
You are cold-blooded and may be slowed by cold attacks.


Message History

There is a stone staircase leading up, spattered with blood here.
The wight barely misses you. The wight misses you. The orc misses you.
You climb upwards.
There is a stone staircase leading down here.
The wight misses you. The wight barely misses you. The wight misses you.
You feel yourself speed up. The wight misses you.
You feel yourself speed up.
Your extra speed is starting to run out.
You recover from your berserk rage.
You feel yourself slow down.
You start resting.
A wight is nearby!
Hit: a) +0 mace
Press: ? - help, Dir - move target, f - you
Okay, then.
Aiming: Throw Flame
Press: ? - help, Shift-Dir - straight line, f - wight
Aim: a wight, wielding a +0 great sword and wearing a +0 robe (moderately damaged, 68% to hit)
The puff of flame hits the wight.
The wight is severely damaged.
Aiming: Throw Flame
Press: ? - help, Shift-Dir - straight line, f/p - wight
Aim: a wight, wielding a +0 great sword and wearing a +0 robe (severely damaged, 68% to hit)
The puff of flame hits the wight but does no damage.
The wight is severely damaged.
Aiming: Throw Flame
Press: ? - help, Shift-Dir - straight line, f/p - wight
Aim: a wight, wielding a +0 great sword and wearing a +0 robe (severely damaged, 68% to hit)
The puff of flame hits the wight.
The wight is almost destroyed.
The wight closely misses you.
You closely miss the wight.
The wight is severely damaged.
The wight barely misses you.
You hit the wight.
The wight is almost destroyed.
The wight hits you with a +0 great sword!
You die...

#§§§#§#######...#................
#####§#.......####...............
# #....####### ##.............. #
##.#z## ##.#............ #..#.#
#####..##.....#..... #.##.#
#......##..######### ###.##.#
####.###.###....##.....
....##.####..................##.#
...###....#.##.z@....>....#####..
...###......##............####...
...##.......##...................
..###.......##...................
..# #.......##.................#.
### ##.....###...................
##.....#############.........
#.......# #......... #.......#
#.........


You could see a wight.

Vanquished Creatures
  The ghost of RandomusNamus the Chucker, an amateur MiHu (D:3)
  2 wights (D:4)
  An orc wizard (D:4)
  An adder (D:2)
  A worm (D:2)
  3 dart slugs
  4 orcs
  9 bats
  8 endoplasms
  A giant cockroach (D:1)
  4 goblins
  2 hobgoblins
  A quokka (D:1)
  7 ball pythons
  3 frilled lizards
  A kobold (D:2)
  3 rats (D:1)
52 creatures vanquished.

Notes
Turn   | Place    | Note
-------+----------+-------------------------------------------
     0 | D:1      | tact the Draconian Berserker began the quest for the Orb.
     0 | D:1      | Reached XP level 1. HP: 19/19 MP: 1/1
   397 | D:1      | Reached XP level 2. HP: 26/26 MP: 2/2
  1352 | D:2      | Reached ** piety under Trog
  1353 | D:2      | Reached XP level 3. HP: 27/33 MP: 3/3
  1925 | D:3      | Found a runed translucent door.
  1927 | D:3      | Noticed RandomusNamus's ghost (amateur MiHu)
  2027 | D:3      | Found Adogryf's Jewellery Shoppe.
  2143 | D:3      | Found a faded altar of an unknown god.
  2324 | D:3      | Found a radiant altar of Vehumet.
  2329 | D:3      | Reached skill level 4 in Maces & Flails
  2452 | D:3      | Killed RandomusNamus's ghost
  2453 | D:3      | Reached XP level 4. HP: 40/40 MP: 4/4
  2453 | D:3      | Reached XP level 5. HP: 46/46 MP: 5/5
  2759 | D:4      | Reached skill level 5 in Maces & Flails
  2773 | D:4      | HP: 1/44 [wight (7)]
  2829 | D:3      | Slain by a wight

Illustrated notes

Levels and vault maps discovered:
D:1:      elethiomel_arrival_quiet, layout_basic
D:2:      layout_basic, corexii_item_surrounded_by_moat
D:3:      layout_rooms, vehumet_altar_wand_db, serial_shops,
          nicolae_shop_waterfront, ebering_ghost_inner_flame,
          dilly_ecumenical_altar_fadedgnrine
D:4:      layout_basic, nicolae_overflow_hidden_temple, minmay_temple_entry_hall

Skill      XL: |  1  2  3  4  5 |
---------------+----------------+-----
Dodging        | 3 |  3.8
Maces & Flails | 4 5 |  5.3
Fighting       | 4 |  4.3
Stealth        | |  0.8

Action                   |  1- 3 |  4- 6 || total
-------------------------+-------+-------++-------
Melee: Mace              |   118 |    32 ||   150
       Tailslap          |    15 |     3 ||    18
Invok: Berserk           |     3 |     2 ||     5
Evoke: Wand              |       |     3 ||     3
  Use: Scroll            |     2 |       ||     2
       Potion            |     1 |     1 ||     2
Armor: Skin              |    37 |    13 ||    50
Dodge: Dodged            |    86 |    57 ||   143

Table legend: (Time is in decaauts)
 A = Elapsed time spent in this place.
 B = Non-inter-level travel time spent in this place.
 C = Inter-level travel time spent in this place.
 D = Time resting spent in this place.
 E = Time spent auto-exploring this place.
 F = Levels seen in this place.
 G = Mean time per level.
                   A        B        C        D        E       F      G
               +--------+--------+--------+--------+--------+-----+--------+
         Total |   2882 |   2755 |    127 |    398 |    137 |   4 |  720.5 |
       Dungeon |   2882 |   2755 |    127 |    398 |    137 |   4 |  720.5 |
               +--------+--------+--------+--------+--------+-----+--------+

Top non-repeatable levels by time:
     D:1: 1150 daAuts
     D:3: 862 daAuts
     D:2: 778 daAuts
     D:4: 90 daAuts
